 Dungeon Crawl Stone Soup version 0.19.3 (webtiles) character file.

4294 nono the Protected (level 10, -1/60 HPs)
             Began as a Halfling Assassin on Jan 23, 2017.
             Was a Follower of Qazlal.
             Slain by a hill giant
             ... wielding a +0 giant club
              (25 damage)
             ... on level 8 of the Dungeon.
             The game lasted 00:23:22 (8339 turns).

nono the Protected (Halfling Assassin)              Turns: 8339, Time: 00:23:24

Health: -1/60      AC: 15    Str: 19    XL:     10   Next: 57%
Magic:  15/15      EV: 15    Int:  9    God:    Qazlal [*.....]
Gold:   306        SH:  2    Dex: 17    Spells: 0 memorised, 9 levels left

rFire  . . .     SeeInvis .     J - +6 falchion "Kilen" {slice, rPois Str+4}
rCold  + . .     Gourm    .     y - +0 plate armour
rNeg   . . .     Faith    .     (shield restricted)
rPois  +         Spirit   .     (no helmet)
rElec  .         Reflect  .     d - +0 cloak
rCorr  .         Harm     .     (no gloves)
MR     .....                    (no boots)
Stlth  ..........               (no amulet)
                                C - +2 ring of evasion
                                z - ring of protection from cold

@: no status effects
A: mutation resistance 1
a: Renounce Religion


You were on level 8 of the Dungeon.
You worshipped Qazlal.
Qazlal was aware of your devotion.
You were hungry.

You visited 2 branches of the dungeon, and saw 9 of its levels.

You collected 306 gold pieces.

Inventory:

Hand Weapons
 a - a +2 dagger
 b - a +0 blowgun
 e - a +0 dagger of draining
 r - a +0 scimitar
 J - the +6 falchion "Kilen" (weapon) {slice, rPois Str+4}
   (You found it on level 4 of the Dungeon)

   It inflicts extra damage upon your enemies.
   It affects your strength (+4).
   It protects you from poison.
 L - a +3 dagger of chaos
Missiles
 p - 48 poisoned needles
 U - 27 sling bullets
Armour
 c - a +0 robe
 d - a +0 cloak (worn)
 f - a +3 leather armour of magic resistance
 m - a +0 chain mail
 y - a +0 plate armour (worn)
 K - a +0 chain mail of fire resistance
Jewellery
 z - a ring of protection from cold (left hand)
 C - a +2 ring of evasion (right hand)
 H - an uncursed ring of magical power
Wands
 w - a wand of random effects (10/48)
Scrolls
 i - 2 scrolls of magic mapping {unknown}
 k - 3 scrolls of enchant weapon {unknown}
 n - 4 scrolls of enchant armour {unknown}
 s - 2 scrolls of teleportation {unknown}
 u - a scroll of random uselessness
 v - 5 scrolls of remove curse
 x - 3 scrolls of blinking {unknown}
 B - 6 scrolls of recharging {unknown}
 F - 3 scrolls of noise {unknown}
 M - a scroll of brand weapon {unknown}
 N - 4 scrolls of identify
 O - a scroll of fog {unknown}
 P - a scroll of amnesia {unknown}
 V - a scroll of immolation {unknown}
Potions
 j - 2 potions of curing
 l - a potion of experience
 o - 2 potions of mutation
 q - 2 potions of flight
 G - 2 potions of brilliance
 I - a potion of magic
 Q - a potion of ambrosia {unknown}
 T - a potion of invisibility {unknown}
Books
 S - a book of Air

   Spells                             Type                      Level
   a - Shock                          Conjuration/Air              1
   b - Swiftness                      Charms/Air                   2
   c - Repel Missiles                 Charms/Air                   2
   d - Static Discharge               Conjuration/Air              3
   e - Lightning Bolt                 Conjuration/Air              5
Comestibles
 g - 4 bread rations
 h - 5 beef jerkies
 A - 5 meat rations
 D - a slice of pizza
 E - 4 fruits
 R - 3 royal jellies


   Skills:
 - Level 1.7 Fighting
 - Level 2.4(5.4) Short Blades
 + Level 6.4(6.5) Long Blades
 - Level 2.0 Throwing
 + Level 9.1 Armour
 + Level 8.4 Dodging
 - Level 4.3 Stealth
 + Level 7.2 Invocations


You had 9 spell levels left.
You didn't know any spells.

Dungeon Overview and Level Annotations

Branches:
Dungeon (8/15)             Temple (1/1) D:4
   Lair: D:8-11

Altars:
Elyvilon
Fedhas
Gozag
Nemelex Xobeh
Okawaru
Qazlal
Xom
Zin
The Shining One

Shops:
D:2 *   D:5 %


Innate Abilities, Weirdness & Mutations

You are small and have problems with some larger weapons.
You are somewhat resistant to further mutation.


Message History

The hill giant is heavily wounded.
Evoking this partially-identified wand wasted a few charges.
The hill giant looks more healthy.
You see here 3 large rocks.
Evoke which item? (* to show all) (? for menu, Esc to quit)
Zapping:
w - a wand of random effects {zapped: 12} (will waste charges)
Press: ? - help, Shift-Dir - straight line, f/p - hill giant
Aim: a hill giant, wielding a giant club (moderately wounded)
The hill giant seems to speed up.
Evoking this partially-identified wand wasted a few charges.
The hill giant completely misses you.
You riposte.
Your plate armour prevents you from hitting the hill giant.
The hill giant is moderately wounded.
You slash the hill giant!
The hill giant is heavily wounded.
You block the hill giant's attack.
You hit the hill giant.
The hill giant is severely wounded.
The hill giant hits you with a giant club!!
You die...

#..# #### #.##.# ..# ##..#
#.##.## ##.#####...## #.##..#
###.....#.....#####.##..#
###..............#.....#..##
##.................(.##.....#
####..................#####....#
............#.........# ##...#
............#..ยง@C....# ##..##
............#.........# ##..#
............##........# ##..
....[.......##........# ###
....#.......###.......# #
...##.......# #.......#
..####......# ##......# .##
#......# ##.....# # ##.....#
##....#


You could see a hill giant.

Vanquished Creatures
  The ghost of dscm the Blocker, a novice OpEE of Uskayaw (D:8)
  Joseph (D:8)
  Psyche (D:8)
  Prince Ribbit (D:8)
  A hippogriff (D:7)
  A sky beast (D:4)
  2 black bears
  3 orc warriors
  An ice beast (D:6)
  3 ogres
  3 centaurs
  A big kobold (D:5)
  6 bullfrogs
  3 killer bees (D:7)
  3 crimson imps
  2 hounds (D:7)
  7 orc wizards
  A quasit (D:8)
  4 orc priests
  Ijyb (D:2)
  Terence (D:2)
  3 worker ants
  3 iguanas
  A hound zombie (D:7)
  2 hound skeletons
  A worker ant zombie (D:5)
  Robin (D:2)
  A howler monkey skeleton (D:5)
  8 adders
  An adder skeleton (D:4)
  An adder zombie (D:6)
  A worm (D:6)
  A dart slug (D:2)
  4 leopard geckos
  30 orcs
  4 giant cockroaches
  13 goblins
  12 hobgoblins
  2 jackals (D:2)
  24 kobolds
  6 quokkas
  A ball python (D:2)
  8 bats
  9 frilled lizards
  A quokka zombie (D:6)
  6 rats
  A butterfly (D:2)
  A plant (D:5)
193 creatures vanquished.

Vanquished Creatures (others)
  A quokka (D:5)
1 creature vanquished.

Grand Total: 194 creatures vanquished

Notes
Turn   | Place    | Note
-------+----------+-------------------------------------------
     0 | D:1      | nono the Halfling Assassin began the quest for the Orb.
     0 | D:1      | Reached XP level 1. HP: 14/14 MP: 1/1
   408 | D:1      | Reached XP level 2. HP: 19/19 MP: 2/2
   579 | D:1      | Reached XP level 3. HP: 24/24 MP: 3/3
   583 | D:1      | Reached skill level 1 in Armour
   997 | D:2      | Noticed Ijyb
  1043 | D:2      | Killed Ijyb
  1043 | D:2      | Reached skill level 2 in Armour
  1043 | D:2      | Reached XP level 4. HP: 18/29 MP: 4/4
  1328 | D:2      | Found an iron altar of Okawaru.
  1363 | D:2      | Reached skill level 3 in Armour
  1586 | D:2      | Found an opulent altar of Gozag.
  1592 | D:2      | Found Gozag's Platinum Reserve.
  1823 | D:2      | Noticed Terence
  1874 | D:2      | Killed Terence
  1874 | D:2      | Reached skill level 4 in Armour
  1874 | D:2      | Reached XP level 5. HP: 7/34 MP: 5/5
  2152 | D:2      | Found a shimmering altar of Xom.
  2220 | D:2      | Noticed Robin
  2247 | D:2      | Killed Robin
  3199 | D:3      | Reached XP level 6. HP: 13/39 MP: 6/6
  3336 | D:3      | Reached skill level 5 in Armour
  3925 | D:4      | Found a white marble altar of Elyvilon.
  4166 | D:4      | Got an encrusted falchion
  4168 | D:4      | Identified the +6 falchion "Kilen" {slice, rPois Str+4} (You found it on level 4 of the Dungeon)
  4213 | D:4      | Found a staircase to the Ecumenical Temple.
  4282 | Temple   | Entered the Ecumenical Temple
  4315 | Temple   | Became a worshipper of Qazlal Stormbringer
  4588 | D:4      | Reached XP level 7. HP: 44/44 MP: 7/7
  4771 | D:5      | Entered Level 5 of the Dungeon
  4783 | D:4      | Reached skill level 1 in Long Blades
  4783 | D:4      | Reached skill level 1 in Invocations
  4906 | D:5      | Reached skill level 6 in Armour
  5101 | D:5      | Found Feeppys's Food Emporium.
  5111 | D:5      | Reached skill level 5 in Dodging
  5111 | D:5      | Reached XP level 8. HP: 41/49 MP: 9/9
  5197 | D:5      | Found a white marble altar of Elyvilon.
  5613 | D:5      | Reached * piety under Qazlal
  6393 | D:6      | Reached skill level 7 in Armour
  6538 | D:6      | Reached XP level 9. HP: 27/54 MP: 12/12
  6770 | D:6      | Reached skill level 5 in Invocations
  7035 | D:7      | Noticed a hippogriff
  7040 | D:7      | Killed a hippogriff
  7092 | D:7      | Reached ** piety under Qazlal
  7105 | D:7      | Reached skill level 8 in Armour
  7114 | D:7      | Reached skill level 5 in Long Blades
  7738 | D:8      | Reached XP level 10. HP: 60/60 MP: 14/14
  7776 | D:8      | Noticed Psyche
  7778 | D:8      | Noticed dscm's ghost (novice OpEE)
  7782 | D:8      | Killed Psyche
  7788 | D:8      | Killed dscm's ghost
  7947 | D:8      | Noticed Prince Ribbit
  7966 | D:8      | Killed Prince Ribbit
  7966 | D:8      | Reached skill level 9 in Armour
  8012 | D:8      | Noticed Joseph
  8032 | D:8      | Killed Joseph
  8277 | D:8      | Noticed a hill giant
  8339 | D:8      | Slain by a hill giant

Skill      XL: |  1  2  3  4  5  6  7  8  9 10 |
---------------+-------------------------------+-----
Dodging        | 2 3 4 5 6 7 8 |  8.4
Armour         | 2 4 5 6 7 8 9 |  9.1
Long Blades    | 2 3 5 6 |  6.4
Invocations    | 2 4 6 7 |  7.2
Fighting       | |  1.7
Short Blades   | |  2.4
Throwing       | |  2.0
Stealth        | |  4.3

Action                   |  1- 3 |  4- 6 |  7- 9 | 10-12 || total
-------------------------+-------+-------+-------+-------++-------
Melee: Dagger            |    98 |   301 |       |       ||   399
       Falchion          |       |    10 |   259 |    45 ||   314
 Fire: Blowgun           |    10 |     9 |       |     7 ||    26
Invok: Upheaval          |       |       |     1 |     1 ||     2
Evoke: Wand              |       |       |     3 |     2 ||     5
  Use: Scroll            |       |       |    10 |       ||    10
       Potion            |       |       |     3 |     1 ||     4
 Stab: Sleeping          |     1 |     5 |     3 |       ||     9
  Eat: Chunk             |       |    10 |    12 |     2 ||    24
Armor: Robe              |     7 |       |       |       ||     7
       Chain mail        |    43 |       |       |       ||    43
       Leather armour    |       |   113 |    36 |       ||   149
       Plate armour      |       |       |    80 |    18 ||    98
Dodge: Dodged            |    68 |   222 |   255 |    44 ||   589
Block: Other             |       |       |    22 |     4 ||    26
       Rpst.: Falchion   |       |     1 |    72 |    17 ||    90
